 Dungeon Crawl Stone Soup version 0.30-a0-643-g638baaf3f0 (webtiles) character file.

Game seed: 8607943825183042010

54 night the Shooter (level 3, -1/33 HPs)
             Began as a Tengu Hunter on Jan 13, 2023.
             Succumbed to an adder's poison
             ... on level 2 of the Dungeon on Jan 16, 2023.
             The game lasted 00:05:48 (759 turns).

night the Shooter (Tengu Hunter)                     Turns: 759, Time: 00:05:49

Health: -1/33      AC:  4    Str: 11    XL:     3   Next: 91%
Magic:  4/4        EV: 13    Int:  9    God:
Gold:   85         SH:  0    Dex: 19    Spells: 2/2 levels left

rFire   + . .      SeeInvis .    a - +0 shortbow
rCold   + . .      Faith    .    (shield currently unavailable)
rNeg    . . .      Spirit   .    c - +0 leather armour
rPois   +          Reflect  .    (helmet restricted)
rElec   +          Harm     .    o - +0 cloak
rCorr   +          Rampage  .    (no gloves)
Will    .....                    (boots unavailable) Stlth
                                 (no amulet)
HPRegen 0.25/turn                (no ring)
MPRegen 0.09/turn                (no ring)

@: berserking, lethally poisoned (-1 -> -7), resistant, hasted, very quick
A: beak, talons 3
a: no special abilities


You were on level 2 of the Dungeon.
You visited 1 branch of the dungeon, and saw 2 of its levels.

You collected 85 gold pieces.

Inventory:

Hand Weapons
 a - a +0 shortbow (weapon)
Missiles
 f - 2 curare-tipped darts
 h - 18 stones
 i - 4 poisoned darts
Armour
 c - a +0 leather armour (worn)
 o - a +0 cloak (worn)
Jewellery
 k - a +5 ring of evasion
Scrolls
 b - a scroll of immolation
 e - 2 scrolls of teleportation {unknown}
 g - a scroll of fear {unknown}
 j - a scroll of fog {unknown}
 l - a scroll of magic mapping {unknown}
Potions
 d - a potion of attraction {unknown}
 m - 2 potions of resistance


   Skills:
 + Level 2.6 Fighting
 * Level 5.2 Ranged Weapons
 + Level 2.9 Dodging
 - Level 1.0 Stealth


You had 2 spell levels left.
You didn't know any spells.
Your spell library was empty.

Dungeon Overview and Level Annotations

Branches:
Dungeon (2/15)

Altars:


Innate Abilities, Weirdness & Mutations

You have a beak for a mouth.
You have claws for feet.


Message History

The arrow hits the adder but does no damage.
The adder hisses angrily.
You shoot an arrow. The arrow barely misses the adder.
You shoot an arrow. The arrow hits the adder.
The adder is moderately wounded.
You shoot an arrow. The arrow misses the adder.
The adder bites you.
You are poisoned.
The adder poisons you!
You shoot an arrow. The arrow closely misses the adder.
You feel sick. The adder bites you.
You shoot an arrow. The arrow closely misses the adder.
You feel sick. The adder barely misses you. The adder bites you.
You are more poisoned.
The adder poisons you!
You shoot an arrow. The arrow misses the adder.
You feel very sick. The adder bites you.
You are lethally poisoned!
The adder poisons you! The adder bites you but does no damage.
You are too injured to fight recklessly!
You are too injured to fight recklessly!
It was a potion of resistance.
You feel protected.
* * * LOW HITPOINT WARNING * * *
You feel very sick. The adder barely misses you.
It was a potion of haste.
You feel yourself speed up.
* * * LOW HITPOINT WARNING * * *
You feel sick. The adder bites you.
* * * LOW HITPOINT WARNING * * *
It was a potion of berserk rage.
A red film seems to cover your vision as you go berserk!
You feel yourself moving faster!
You feel mighty!
* * * LOW HITPOINT WARNING * * *
You feel sick. The adder bites you but does no damage.
You are too berserk!
Really attack while wielding your +0 shortbow?
You closely miss the adder.
The adder is lightly wounded.
You die...

..#.###.....#.. .........>.....
................
................
##........>.....
................
####..........S............
..#...... #.@...........##.
........# ##.....#.........#
..#....# ###....####........
..#....#####......# #.........
.............##.### #....<....
..#.............#####.........
............#.................
..................##..........
..[..........##.#.............#


You could see an adder.

Vanquished Creatures
  3 adders (D:2)
  2 endoplasms
  A giant cockroach (D:1)
  7 hobgoblins
  2 kobolds
  2 quokkas
  2 ball pythons (D:2)
  A bat (D:2)
  2 frilled lizards (D:1)
  4 rats
26 creatures vanquished.

Notes
Turn   | Place    | Note
-------+----------+-------------------------------------------
     0 | D:1      | night the Tengu Hunter began the quest for the Orb.
     0 | D:1      | Reached XP level 1. HP: 12/12 MP: 2/2
   100 | D:1      | Reached XP level 2. HP: 17/17 MP: 3/3
   170 | D:1      | Found a faded altar of an unknown god.
   191 | D:1      | Upgraded the game from 0.30-a0-632-g346586fe48 to
                  | 0.30-a0-643-g638baaf3f0
   617 | D:2      | Reached skill level 5 in Ranged Weapons
   617 | D:2      | Reached XP level 3. HP: 16/22 MP: 4/4
   757 | D:2      | HP: 1/22 [adder (3)]
   759 | D:2      | Succumbed to an adder's poison

Illustrated notes

Levels and vault maps discovered:
D:1:      eino_arrival_water_star, layout_rooms, ebering_ecumenical_altar_box,
          hangedman_decor_points
D:2:      layout_rooms, basic_altar, grunt_ministairs_13,
          minmay_misc_feat_alley, columned_hall_lemuel,
          kennysheep_generic_room_5

Skill      XL: |  1  2 |
---------------+-------+-----
Ranged Weapons | 5 |  5.2
Fighting       | |  2.6
Dodging        | |  2.9
Stealth        | |  1.0

Action                   || total
-------------------------++-------
Melee: Shortbow          ||     1
 Fire: Shortbow          ||    75
  Use: Potion            ||     3
Armor: Leather armour    ||    14
Dodge: Dodged            ||    30

Table legend: (Time is in decaauts)
 A = Elapsed time spent in this place.
 B = Non-inter-level travel time spent in this place.
 C = Inter-level travel time spent in this place.
 D = Time resting spent in this place.
 E = Time spent auto-exploring this place.
 F = Levels seen in this place.
 G = Mean time per level.
                   A        B        C        D        E       F      G
               +--------+--------+--------+--------+--------+-----+--------+
         Total |    781 |    763 |     18 |     44 |    532 |   2 |  390.5 |
       Dungeon |    781 |    763 |     18 |     44 |    532 |   2 |  390.5 |
               +--------+--------+--------+--------+--------+-----+--------+

Top non-repeatable levels by time:
     D:1: 457 daAuts
     D:2: 324 daAuts
